 Dungeon Crawl Stone Soup version 0.21-a0-140-g479285b (webtiles) character file.

18732 kuniqs the Archer (level 12, -1/91 HPs)
             Began as a Centaur Fire Elementalist on July 20, 2017.
             Was an Elder of Vehumet.
             Slain by a snapping turtle (20 damage)
             ... on level 2 of the Lair of Beasts.
             The game lasted 00:33:04 (14832 turns).

kuniqs the Archer (Centaur Fire Elementalist)      Turns: 14832, Time: 00:33:05

Health: -1/91      AC:  8    Str:  9 (10) XL:     12   Next: 30%
Magic:  12/17      EV:  9    Int: 19 (21) God:    Vehumet [****..]
Gold:   632        SH:  0    Dex: 12      Spells: 3/18 levels left

rFire    + . .     SeeInvis .   Q - +1 shortbow
rCold    . . .     Gourm    .   (shield currently unavailable)
rNeg     . . .     Faith    .   N - +0 troll leather armour
rPois    .         Spirit   .   K - +0 helmet
rElec    .         Reflect  .   k - +0 cloak
rCorr    .         Harm     .   i - +0 pair of gloves
MR       .....                  (no barding)
Stlth    +.........             (no amulet)
HPRegen  0.65/turn              U - ring of protection from fire
MPRegen  0.15/turn              n - +3 ring of intelligence

@: very quick
A: hooves 3, deformed body, speed 2, tough skin 3
a: Renounce Religion


You were on level 2 of the Lair of Beasts.
You worshipped Vehumet.
Vehumet was greatly pleased with you.
You were hungry.

You visited 3 branches of the dungeon, and saw 13 of its levels.

You collected 632 gold pieces.

Inventory:

Hand Weapons
 Q - a +1 shortbow (weapon)
Missiles
 h - 116 arrows (quivered)
 r - 3 throwing nets
Armour
 i - a +0 pair of gloves (worn)
 k - a +0 cloak (worn)
 K - a +0 helmet (worn)
 N - a +0 troll leather armour (worn)
 V - a +1 robe of cold resistance
Magical Staves
 R - an uncursed staff of air
 W - an uncursed staff of cold
Jewellery
 n - a +3 ring of intelligence (right hand)
 H - an uncursed ring of ice
 I - an uncursed ring of resist corrosion
 M - an uncursed ring of wizardry
 U - a ring of protection from fire (left hand)
Wands
 o - a wand of flame (9/48)
 B - a wand of polymorph (12/24)
 D - a wand of iceblast (15/15)
 G - a wand of digging (15/24)
Scrolls
 a - a scroll of summoning {unknown}
 j - 4 scrolls of teleportation
 l - a scroll of noise {unknown}
 m - a scroll of enchant weapon
 q - 7 scrolls of remove curse {@r2}
 s - 3 scrolls of amnesia
 t - 2 scrolls of fear
 u - 13 scrolls of identify {@r1}
 v - 2 scrolls of recharging
 y - a scroll of immolation {unknown}
 P - a scroll of brand weapon {unknown}
 Y - a scroll of vulnerability {unknown}
Potions
 c - 7 potions of curing {@q1}
 w - a potion of cancellation {unknown}
 x - a potion of mutation {unknown}
 z - a potion of heal wounds
 A - a potion of haste {unknown}
 C - 2 potions of ambrosia
 E - a potion of berserk rage {unknown}
 F - a potion of might {unknown}
 L - a potion of brilliance {unknown}
 S - a potion of flight {unknown}
 T - a potion of agility
Books
 b - a book of Flames

   Spells                             Type                      Level
   a - Flame Tongue                   Conjuration/Fire             1
   b - Throw Flame                    Conjuration/Fire             2
   c - Conjure Flame                  Conjuration/Fire             3
   d - Inner Flame                    Hexes/Fire                   3
   e - Sticky Flame                   Conjuration/Fire             4
   f - Fireball                       Conjuration/Fire             5
Miscellaneous
 X - a box of beasts
Comestibles
 d - 10 bread rations
 e - 7 meat rations
 f - 11 fruits
 g - 3 royal jellies


   Skills:
 + Level 4.1 Fighting
 + Level 12.7 Bows
 - Level 1.3 Dodging
 - Level 1.1 Stealth
 + Level 3.9 Spellcasting
 - Level 11.0 Conjurations
 - Level 11.0 Fire Magic


You had 3 spell levels left.
You knew the following spells:

 Your Spells              Type           Power        Failure   Level  Hunger
a - Flame Tongue          Conj/Fire      #####        1%          1    None
b - Throw Flame           Conj/Fire      #####.       1%          2    ##.....
c - Conjure Flame         Conj/Fire      #####...     1%          3    ###....
d - Sticky Flame          Conj/Fire      #####...     1%          4    ####...
e - Fireball              Conj/Fire      #####.....   1%          5    ######.


Dungeon Overview and Level Annotations

Branches:
Dungeon (10/15)            Temple (1/1) D:7            Lair (2/6) D:10
 Shoals (0/4) Lair:2
  Snake: Lair:2-4    Spider: Lair:2-4       Orc: D:9-12

Altars:
Ashenzari
Cheibriados
Dithmenos
Fedhas
Makhleb
Ru
Sif Muna
Vehumet
The Shining One

Shops:
D:8 *   D:9 :


Innate Abilities, Weirdness & Mutations

You have hooves in place of feet.
Armour fits poorly on your strangely shaped body.
You cover ground very quickly.
You have extremely tough skin. (AC +3)


Message History

The snapping turtle appears unharmed.
Aim: a snapping turtle (heavily wounded)
The flame tongue hits the snapping turtle.
The snapping turtle appears unharmed.
Aim: a snapping turtle (heavily wounded)
The flame tongue hits the snapping turtle.
A rime drake comes into view.
The rime drake breathes ice at you. The flash freeze hits you!
You are encased in ice.
The ice encasing you melts away. The rime drake breathes ice at you.
The flash freeze hits you!
You are encased in ice.
The snapping turtle bites you but does no damage.
The ice encasing you melts away.
The snapping turtle bites you from afar!
* * * LOW HITPOINT WARNING * * *
The snapping turtle bites you from afar!!
You die...

.....P....P#.#...P..#.....# #...
.................P##.....P####...
..((((...........................
......##..P#P#.#...##.+#.##......
......#########...#..............
......P# #.....<.............
.......# ###.t.....k...#.....
.......#########...####..#.......
................@........>.......
##.#.##############.#############
###### ### #


You could see a snapping turtle.

Vanquished Creatures
  Fannar (D:10)
  2 hydras (Lair:2)
  2 two-headed ogres (D:10)
  The ghost of Tux the Thaumaturge, a journeyman DEEE of Vehumet (D:10)
  Pikel (D:8)
  An ugly thing (D:10)
  3 centaur zombies
  Joseph (D:8)
  4 spiny frogs (Lair:1)
  A komodo dragon (Lair:1)
  A kobold demonologist (D:10)
  2 ice devils (Lair:1)
  2 trolls (D:9)
  A hornet (D:10)
  2 hippogriffs
  2 wyverns (D:10)
  2 basilisks (Lair:1)
  A hungry ghost (D:10)
  11 yaks
  A steam dragon (D:7)
  5 water moccasins
  3 porcupines
  A sky beast (D:7)
  4 slaves (D:8)
  A black bear (D:8)
  2 orc warriors
  2 phantoms
  2 ice beasts
  10 ogres
  2 necrophages
  An eye of draining (D:10)
  A boggart (D:10)
  3 centaurs
  5 crocodiles
  2 big kobolds
  12 bullfrogs
  A wyvern zombie (D:9)
  3 scorpions
  7 killer bees
  10 wights
  6 howler monkeys
  2 electric eels (Lair:2)
  4 crimson imps
  A bullfrog zombie (D:10)
  A quasit (D:10)
  6 orc priests
  4 hounds
  A jelly (D:10)
  Crazy Yiuf (D:7)
  A bullfrog skeleton (D:5)
  15 orc wizards
  Jessica (D:2)
  Terence (D:2)
  Ijyb (D:3)
  8 worker ants
  A hound skeleton (D:8)
  3 gnolls (D:6)
  10 adders
  3 shadow imps
  2 adder zombies
  4 worms
  2 dart slugs
  4 leopard geckos
  37 orcs
  7 giant cockroaches
  4 goblins
  3 hobgoblins
  8 jackals
  2 quokkas (D:8)
  5 bats
  7 frilled lizards
  14 kobolds
  A leopard gecko skeleton (D:4)
  A quokka skeleton (D:5)
  4 rats
294 creatures vanquished.

Vanquished Creatures (collateral kills)
  An ogre mage (D:10)
1 creature vanquished.

Vanquished Creatures (others)
  A fungus (Lair:2)
  A plant (Lair:2)
2 creatures vanquished.

Grand Total: 297 creatures vanquished

Notes
Turn   | Place    | Note
-------+----------+-------------------------------------------
     0 | D:1      | kuniqs the Centaur Fire Elementalist began the quest for the Orb.
     0 | D:1      | Reached XP level 1. HP: 14/14 MP: 3/3
    19 | D:1      | Reached skill level 1 in Conjurations
   255 | D:1      | Reached XP level 2. HP: 20/20 MP: 1/4
   644 | D:2      | Noticed Terence
   730 | D:1      | You fall through a shaft!
   731 | D:2      | Noticed Jessica
  1056 | D:3      | Reached XP level 3. HP: 26/26 MP: 0/6
  1060 | D:3      | Learned a level 2 spell: Throw Flame
  1064 | D:3      | Learned a level 3 spell: Conjure Flame
  1432 | D:3      | Noticed Ijyb
  1453 | D:3      | Noticed an ogre
  1671 | D:2      | Killed Jessica
  1671 | D:2      | Reached XP level 4. HP: 27/33 MP: 0/7
  1683 | D:2      | Killed Terence
  2149 | D:3      | Killed an ogre
  2149 | D:3      | Reached XP level 5. HP: 38/38 MP: 0/8
  2339 | D:3      | Killed Ijyb
  2787 | D:4      | Reached XP level 6. HP: 45/45 MP: 3/9
  2933 | D:4      | Found a radiant altar of Vehumet.
  2943 | D:4      | Became a worshipper of Vehumet
  3195 | D:5      | Entered Level 5 of the Dungeon
  3208 | D:4      | Reached skill level 5 in Fire Magic
  3493 | D:5      | Found a snail-covered altar of Cheibriados.
  3600 | D:5      | Reached XP level 7. HP: 50/50 MP: 2/10
  3698 | D:5      | Reached skill level 5 in Conjurations
  3867 | D:5      | Learned a level 4 spell: Sticky Flame
  4125 | D:5      | Found a burning altar of Makhleb.
  4302 | D:6      | Reached * piety under Vehumet
  4302 | D:6      | Offered knowledge of Sandblast by Vehumet.
  4460 | D:6      | Reached XP level 8. HP: 34/57 MP: 1/11
  4622 | D:6      | Found a sacrificial altar of Ru.
  5478 | D:6      | Found a shadowy altar of Dithmenos.
  5597 | D:6      | Reached XP level 9. HP: 62/62 MP: 2/12
  6150 | D:7      | Found a blossoming altar of Fedhas.
  6209 | D:7      | Found a staircase to the Ecumenical Temple.
  6219 | Temple   | Entered the Ecumenical Temple
  6263 | D:7      | Reached ** piety under Vehumet
  6288 | D:7      | You fall through a shaft for 2 floors!
  6323 | D:9      | Noticed a troll
  6329 | D:9      | Offered knowledge of Magic Dart by Vehumet.
  6352 | D:9      | Killed a troll
  6532 | D:9      | Noticed a troll
  6543 | D:9      | Killed a troll
  6703 | D:9      | Found a glowing golden altar of the Shining One.
  6907 | D:9      | Found Cyhupysasm's Book Boutique.
  7090 | D:8      | Found a deep blue altar of Sif Muna.
  7144 | D:8      | Noticed Joseph
  7169 | D:8      | Killed Joseph
  7269 | D:8      | Found a shattered altar of Ashenzari.
  7282 | D:8      | Noticed Pikel
  7634 | D:8      | Offered knowledge of Ignite Poison by Vehumet.
  7816 | D:8      | Killed Pikel
  7816 | D:8      | Reached skill level 2 in Bows
  7816 | D:8      | Reached XP level 10. HP: 62/69 MP: 3/13
  8012 | D:8      | Found Egahel's Assorted Antiques.
  8060 | D:8      | Reached skill level 3 in Bows
  8646 | D:7      | Reached *** piety under Vehumet
  8703 | D:7      | Reached skill level 4 in Bows
  8703 | D:7      | Reached skill level 10 in Fire Magic
  8963 | D:7      | Reached skill level 5 in Bows
  9198 | D:7      | Found a runed door.
  9202 | D:7      | Noticed Crazy Yiuf
  9206 | D:7      | Killed Crazy Yiuf
  9423 | D:10     | Entered Level 10 of the Dungeon
  9455 | D:10     | Noticed Fannar
  9588 | D:10     | Offered knowledge of Throw Icicle by Vehumet.
  9681 | D:10     | Killed Fannar
  9681 | D:10     | Reached skill level 6 in Bows
  9681 | D:10     | Reached skill level 10 in Conjurations
  9709 | D:10     | Noticed a two-headed ogre
  9777 | D:10     | Killed a two-headed ogre
  9777 | D:10     | Reached skill level 7 in Bows
 10003 | D:10     | Noticed a two-headed ogre
 10011 | D:10     | Reached skill level 8 in Bows
 10060 | D:10     | Killed a two-headed ogre
 10060 | D:10     | Reached XP level 11. HP: 74/74 MP: 1/14
 10296 | D:10     | Noticed an ogre mage
 10312 | D:10     | Paralysed by an ogre mage for 5 turns
 10319 | D:10     | Killed an ogre mage
 10319 | D:10     | Reached skill level 9 in Bows
 10490 | D:10     | Paralysed by a hornet for 3 turns
 10546 | D:10     | Noticed Tux's ghost (journeyman DEEE)
 10693 | D:9      | Reached **** piety under Vehumet
 11054 | D:10     | Found a staircase to the Lair.
 11094 | D:10     | Offered knowledge of Force Lance by Vehumet.
 11101 | D:10     | Reached skill level 10 in Bows
 11363 | D:10     | Killed Tux's ghost
 11658 | D:10     | Noticed a purple ugly thing
 11678 | D:10     | Killed a purple ugly thing
 12041 | D:10     | Reached skill level 11 in Bows
 12484 | Lair:1   | Entered Level 1 of the Lair of Beasts
 12798 | Lair:1   | Reached skill level 1 in Fighting
 12930 | Lair:1   | Reached skill level 12 in Bows
 13151 | Lair:1   | Found a frozen archway.
 13222 | Lair:1   | Reached XP level 12. HP: 85/85 MP: 3/16
 13297 | Lair:1   | THANK
 13824 | Lair:2   | Learned a level 5 spell: Fireball
 14139 | Lair:2   | Noticed an eight-headed hydra
 14139 | Lair:2   | Noticed a four-headed hydra
 14162 | Lair:2   | Killed an eight-headed hydra
 14167 | Lair:2   | Killed a four-headed hydra
 14167 | Lair:2   | Reached ***** piety under Vehumet
 14289 | Lair:2   | Offered knowledge of Orb of Destruction by Vehumet.
 14753 | Lair:2   | Found a staircase to the Shoals.
 14832 | Lair:2   | Slain by a snapping turtle

Vault maps used:
D:1:      dpeg_arrival_fog
D:2:      uniq_terence, uniq_jessica
D:3:      uniq_ijyb
D:4:      vehumet_altar_wand_db, first_bread
D:5:      kennysheep_little_box, overflow_temple_1_default
D:6:      kennysheep_spiral_hall, hangedman_ru_absence, grunt_dithmenos_shadows
D:7:      fedhas_altar_1, minmay_temple_entry_water_ring, grunt_ogre_cave,
          uniq_crazy_yiuf_cottage
D:8:      nicolae_overflow_hidden_temple, cheibrodos_ashenzari_chains,
          serial_shops, shop, minmay_stone_trees_small, minivault_25,
          uniq_pikel, uniq_joseph
D:9:      nicolae_tso_carved_into_rock, serial_shops, shop
D:10:     lair_entry_dummy, wad_floor_pattern_1, minmay_pinched_square,
          uniq_fannar
Temple:   eino_temple_water
Lair:1:   portal_ice_cave_demonic_guard, beast_lair_carwin_2
Lair:2:   minmay_shoals_entry_hut

Skill      XL: |  1  2  3  4  5  6  7  8  9 10 11 12 |
---------------+-------------------------------------+-----
Conjurations   | 1 2 3 4 5 7 9 10 11 | 11.0
Fire Magic     | 3 4 5 6 8 9 10 11 | 11.0
Spellcasting   | 2 3 |  3.9
Bows           | 2 8 12 | 12.7
Fighting       | 2 4 |  4.1
Dodging        | |  1.3
Stealth        | |  1.1

Action                   |  1- 3 |  4- 6 |  7- 9 | 10-12 || total
-------------------------+-------+-------+-------+-------++-------
Melee: Dagger            |    50 |    23 |    88 |       ||   161
       Unarmed           |     6 |       |       |       ||     6
       Kick              |    12 |     4 |    12 |     1 ||    29
       Shortbow          |       |       |       |     2 ||     2
 Fire: Shortbow          |       |       |    40 |   425 ||   465
 Cast: Flame Tongue      |    54 |    96 |   269 |   377 ||   796
       Throw Flame       |     1 |       |     1 |    19 ||    21
       Conjure Flame     |       |     1 |    12 |    15 ||    28
       Sticky Flame      |       |       |     9 |    42 ||    51
Evoke: Wand              |       |       |     1 |     1 ||     2
       Sack of spiders   |       |       |       |     2 ||     2
  Use: Scroll            |       |       |     4 |     7 ||    11
       Potion            |       |       |       |     4 ||     4
  Eat: Chunk             |     3 |     6 |    16 |    29 ||    54
       Royal jelly       |       |       |       |     1 ||     1
       Fruit             |       |       |       |     1 ||     1
Armor: Robe              |    30 |    16 |    26 |       ||    72
       Troll leather arm |       |       |    16 |   120 ||   136
Dodge: Dodged            |    33 |    28 |    86 |   119 ||   266
